Workbook

Sheet ProForma
A1: Investment Analysis Project #1
A4: Investors' Parameters | E4: Property Data
A5: Purchase Price | C5: 8800000 | E5: Building Portion | F5: 0.7 | G5: =C5*F5 -> 6160000
A6: Equity | B6: 0.45 | C6: =C5*B6 -> 3960000 | E6: Land Portion | F6: =100%-F5 -> 0.3 | G6: =C5*F6 -> 2640000
A7: Debt (mortgage) | B7: 0.55 | C7: =C5*B7 -> 4840000 | E7: Property Taxes year 1 | G7: 115000
A8: CCA Rate | C8: 0.04 | E8: CAM Expenses year 1 | G8: 125000
A9: Income Tax Rate | C9: 0.48 | E9: Structural Repair Allowance | G9: 0.015
A10: Taxable Gain Portion | C10: 0.5 | E10: Rents | G10: see Rent Roll
A11: Holding Period (yrs) | C11: 0.05
A12: Required Rate of Return | C12: 0.095
A13: Closing Costs | C13: 0.04
A15: Market Assumptions | E15: Financing Assumptions
A16: Basic Market Rent 2018 | C16: 28 | E16: Loan Amount | F16: =C7 -> 4840000
A17: Prime Market Rent 2018 | C17: 32 | E17: Mtg. Term (yrs) | F17: 5
A18: Inflation Revenues | C18: 0.015 | E18: Nom. Rate | F18: 0.0475
A19: Inflation Expenses | C19: 0.015 | E19: Rate Comp | F19: 2
A20: Overall Cap Rate | C20: 0.07 | E20: Pmts/Yr | F20: 12
A21: Terminal Cap Rate | C21: 0.075 | E21: Amort Period | F21: 15 | G21: years
A22: Vacancy Allowance | C22: 0.03 | E22: Amort Period | F22: =F21*12 -> 180 | G22: months
A23: Tenant Inducements (new) | B23: free rent (months) | C23: 5 | E23: Effective Rate | F23: =EFFECT(F18,F19) -> 0.048064062
A24: Tenant Inducements (renewal) | B24: free rent (months) | C24: 2 | E24: Nominal Rate | F24: =NOMINAL(F23,12) -> 0.047036657
A25: Leasing Commision (initial) | C25: 0.05 | E25: Periodic Rate | F25: =F24/12 -> 0.0039197215
A26: Leasing Commision (balance) | C26: 0.03 | E26: Periodic PMT | F26: =-PMT(F25,F22,F16) -> 37531.448
E27: PMT Rounded | F27: =ROUNDUP(F26,0) -> 37532
A28: Results Summary
A29: Cap Rate (YR 1) | B29: =C46/C5 -> 0.068793274
A30: NPV | B30: =B81 -> -336302.48
A31: IRR | B31: =B82 -> 0.075299244
A32: DCR | B32: =C46/(F27*12) -> 1.3441437
B35: Rate | C35: Year 1 | D35: Year 2 | E35: Year 3 | F35: Year 4 | G35: Year 5 | H35: Year 6
A37: Base Rental Income | C37: ='Rent Roll'!G7+'Rent Roll'!G14+'Rent Roll'!G21+'Rent Roll'!G28+'Rent Roll'!G35+'Rent Roll'!G42 -> 683320 | D37: ='Rent Roll'!G8+'Rent Roll'!G15+'Rent Roll'!G22+'Rent Roll'!G29+'Rent Roll'!G36+'Rent Roll'!G43 -> 765800 | E37: ='Rent Roll'!G9+'Rent Roll'!G16+'Rent Roll'!G23+'Rent Roll'!G30+'Rent Roll'!G37+'Rent Roll'!G44 -> 778166 | F37: ='Rent Roll'!G10+'Rent Roll'!G17+'Rent Roll'!G24+'Rent Roll'!G31+'Rent Roll'!G38+'Rent Roll'!G45 -> 782210 | G37: ='Rent Roll'!G11+'Rent Roll'!G18+'Rent Roll'!G25+'Rent Roll'!G32+'Rent Roll'!G39+'Rent Roll'!G46 -> 797210 | H37: ='Rent Roll'!G12+'Rent Roll'!G19+'Rent Roll'!G26+'Rent Roll'!G33+'Rent Roll'!G40+'Rent Roll'!G47 -> 799210
A39: Recoveries | C39: ='Rent Roll'!I53 -> 188206.61 | D39: ='Rent Roll'!I54 -> 216600 | E39: ='Rent Roll'!I55 -> 220254 | F39: ='Rent Roll'!I56 -> 223962.81 | G39: ='Rent Roll'!I57 -> 227727.25 | H39: ='Rent Roll'!I58 -> 231548.16
A40: Other Income | C40: 0 | D40: 0 | E40: 0 | F40: 0 | G40: 0 | H40: 0
A41: Gross Potential Income (GPI) | C41: =SUM(C37,C39,C40) -> 871526.61 | D41: =SUM(D37,D39,D40) -> 982400 | E41: =SUM(E37,E39,E40) -> 998420 | F41: =SUM(F37,F39,F40) -> 1006172.8 | G41: =SUM(G37,G39,G40,) -> 1024937.3 | H41: =SUM(H37,H39,H40) -> 1030758.2
A42: Vacancy And Collection Loss | B42: =C22 -> 0.03 | C42: =C41*B42 -> 26145.798 | D42: =D41*B42 -> 29472 | E42: =E41*B42 -> 29952.6 | F42: =F41*B42 -> 30185.184 | G42: =G41*B42 -> 30748.118 | H42: =H41*B42 -> 30922.745
A43: Effective Gross Income (EGI) | C43: =C41-C42 -> 845380.81 | D43: =D41-D42 -> 952928 | E43: =E41-E42 -> 968467.4 | F43: =F41-F42 -> 975987.63 | G43: =G41-G42 -> 994189.13 | H43: =H41-H42 -> 999835.42
A44: Property Taxes | B44: =C19 -> 0.015 | C44: ='Rent Roll'!E62 -> 115000 | D44: =C44*B44+C44 -> 116725 | E44: =D44*B44+D44 -> 118475.88 | F44: =E44*B44+E44 -> 120253.01 | G44: =F44*B44+F44 -> 122056.81 | H44: =G44*B44+G44 -> 123887.66
A45: CAM | B45: =C19 -> 0.015 | C45: ='Rent Roll'!E54 -> 125000 | D45: =C45*B45+C45 -> 126875 | E45: =D45*B45+D45 -> 128778.12 | F45: =E45*B45+E45 -> 130709.8 | G45: =F45*B45+F45 -> 132670.44 | H45: =G45*B45+G45 -> 134660.5
A46: Net Operating Income (NOI) | C46: =C43-C44-C45 -> 605380.81 | D46: =D43-D44-D45 -> 709328 | E46: =E43-E44-E45 -> 721213.4 | F46: =F43-F44-F45 -> 725024.82 | G46: =G43-G44-G45 -> 739461.88 | H46: =H43-H44-H45 -> 741287.26
A49: NOI | C49: =C46 -> 605380.81 | D49: =D46 -> 709328 | E49: =E46 -> 721213.4 | F49: =F46 -> 725024.82 | G49: =G46 -> 739461.88 | H49: =H46 -> 741287.26
A50: Leasing Commissions | C50: ='Rent Roll'!I68 -> 51200
A51: Structural Reserve as % of EGI | B51: =G9 -> 0.015 | C51: =C43*B51 -> 12680.712 | D51: =D43*B51 -> 14293.92 | E51: =E43*B51 -> 14527.011 | F51: =F43*B51 -> 14639.814 | G51: =G43*B51 -> 14912.837
A52: Tenant Inducements | C52: ='Rent Roll'!C79 -> 56000 | D52: ='Rent Roll'!D79 -> 0 | E52: ='Rent Roll'!E79 -> 12501.667 | F52: ='Rent Roll'!F79 -> 0 | G52: ='Rent Roll'!G79 -> 0
A53: Mortgage Principle | C53: =Amortization!M7 -> 227591.52 | D53: =Amortization!M8 -> 238530.49 | E53: =Amortization!M9 -> 249995.23 | F53: =Amortization!M10 -> 262011.02 | G53: =Amortization!M11 -> 274604.33
A54: Mortgage Interest | C54: =Amortization!L7 -> 222792.48 | D54: =Amortization!L8 -> 211853.51 | E54: =Amortization!L9 -> 200388.77 | F54: =Amortization!L10 -> 188372.98 | G54: =Amortization!L11 -> 175779.67
A55: Before Tax Cash Flow (BTCF) | C55: =C49-C50-C51-C52-C53-C54 -> 35116.101 | D55: =D49-D50-D51-D52-D53-D54 -> 244650.08 | E55: =E49-E50-E51-E52-E53-E54 -> 243800.72 | F55: =F49-F50-F51-F52-F53-F54 -> 260001 | G55: =G49-G50-G51-G52-G53-G54 -> 274165.05
A56: Income Tax Payable | C56: =C67 -> 73050.398 | D56: =D67 -> 122881.19 | E56: =E67 -> 132724.73 | F56: =F67 -> 150773.39 | G56: =G67 -> 270567.46
A57: After Tax Cash Flow (ATCF) | C57: =C55-C56 -> -37934.297 | D57: =D55-D56 -> 121768.89 | E57: =E55-E56 -> 111076 | F57: =F55-F56 -> 109227.61 | G57: =G55-G56 -> 3597.582
A60: NOI | C60: =C49 -> 605380.81 | D60: =D49 -> 709328 | E60: =E49 -> 721213.4 | F60: =F49 -> 725024.82 | G60: =G49 -> 739461.88
A61: Interest | C61: =C54 -> 222792.48 | D61: =D54 -> 211853.51 | E61: =E54 -> 200388.77 | F61: =F54 -> 188372.98 | G61: =G54 -> 175779.67
A62: CCA | C62: =C72 -> 123200 | D62: =D72 -> 241472 | E62: =E72 -> 231813.12 | F62: =F72 -> 222540.6 | G62: =G72 -> 0
A63: Commission | C63: =C50 -> 51200 | D63: =D50 -> 0 | E63: =E50 -> 0 | F63: =F50 -> 0 | G63: =G50 -> 0
A64: Inducements | C64: =C52 -> 56000 | D64: =D52 -> 0 | E64: =E52 -> 12501.667 | F64: =F52 -> 0 | G64: =G52 -> 0
A65: Taxable Income | C65: =C60-C61-C62-C63-C64 -> 152188.33 | D65: =D60-D61-D62-D63-D64 -> 256002.49 | E65: =E60-E61-E62-E63-E64 -> 276509.85 | F65: =F60-F61-F62-F63-F64 -> 314111.24 | G65: =G60-G61-G62-G63-G64 -> 563682.22
A66: Tax Rate | B66: =C9 -> 0.48
A67: Income Tax Payable | C67: =C65*B66 -> 73050.398 | D67: =D65*B66 -> 122881.19 | E67: =E65*B66 -> 132724.73 | F67: =F65*B66 -> 150773.39 | G67: =G65*B66 -> 270567.46
A69: Beginning UCC | C69: =G5 -> 6160000 | D69: =C73 -> 6036800 | E69: =D73 -> 5795328 | F69: =E73 -> 5563514.9 | G69: =F73 -> 5340974.3
A70: CCA Rate | B70: =C8 -> 0.04 | C70: =B70/2 -> 0.02 | D70: =B70 -> 0.04 | E70: =B70 -> 0.04 | F70: =B70 -> 0.04 | G70: =B70*0 -> 0
A71: Max CCA | C71: =C69*C70 -> 123200 | D71: =D69*D70 -> 241472 | E71: =E69*E70 -> 231813.12 | F71: =F69*F70 -> 222540.6 | G71: =G69*G70 -> 0
A72: Actual CCA | C72: =C71 -> 123200 | D72: =D71 -> 241472 | E72: =E71 -> 231813.12 | F72: =F71 -> 222540.6 | G72: =G71 -> 0
A73: Ending CCA | C73: =C69-C72 -> 6036800 | D73: =D69-D72 -> 5795328 | E73: =E69-E72 -> 5563514.9 | F73: =F69-F72 -> 5340974.3 | G73: =G69-G72 -> 5340974.3
A76: Outstanding Balance | C76: =Amortization!K7 -> 4612408.5 | D76: =Amortization!K8 -> 4373878 | E76: =Amortization!K9 -> 4123882.8 | F76: =Amortization!K10 -> 3861871.7 | G76: =Amortization!K11 -> 3587267.4
B78: Year 0 | C78: Year 1 | D78: Year 2 | E78: Year 3 | F78: Year 4 | G78: Year 5
A79: Total Equity ATCFs | B79: =-C6 -> -3960000 | C79: =C57 -> -37934.297 | D79: =D57 -> 121768.89 | E79: =E57 -> 111076 | F79: =F57 -> 109227.61 | G79: =G57+B96 -> 5346440.2
A81: NPV | B81: =NPV(C12,C79:G79)+B79 -> -336302.48
A82: IRR | B82: =IRR(B79:G79) -> 0.075299244
A85: Reversion Calculations
A87: Residual On Sale
A88: Estimated Sale Price | B88: =H46/C21 -> 9883830.1
B89: =C13 -> 0.04
A90: Closing Costs | B90: =B88*B89 -> 395353.2
A91: Net Sale Price | B91: =B88-B90 -> 9488476.9
A92: OSB Loan | B92: =G76 -> 3587267.4
A93: Net Sale Price after Finance | B93: =B91-B92 -> 5901209.5
A94: Tax on Capital Gain | B94: =B105 -> 165234.45
A95: Tax on Recapture | B95: =B117 -> 393132.34
A96: After Tax Residual | B96: =B93-B94-B95 -> 5342842.7
A99: Tax On Capital Gain
A100: Net Selling Price | B100: =B91 -> 9488476.9
A101: Original Cost | B101: =C5 -> 8800000
A102: Capital Gain | B102: =B100-B101 -> 688476.87
A103: Taxable Gain (50%) | B103: =B102*C10 -> 344238.43
A104: Tax Rate | B104: =C9 -> 0.48
A105: Tax On Gain | B105: =B103*B104 -> 165234.45
A108: Tax on Recapture
A109: CCA Taken:
A110: Year 1 (2018) | B110: =C72 -> 123200
A111: Year 2 (2019) | B111: =D72 -> 241472
A112: Year 3 (2020) | B112: =E72 -> 231813.12
A113: Year 4 (2021) | B113: =F72 -> 222540.6
A114: Year 5 (2022) | B114: =G72 -> 0
A115: CCA Recapture | B115: =SUM(B110,B111,B112,B113,B114,) -> 819025.72
A116: Tax Rate | B116: =C9 -> 0.48
A117: Tax on Recapture | B117: =B115*B116 -> 393132.34

Sheet Amortization
A2: Amount Borrowed | C2: =ProForma!F16 -> 4840000
B3: Periods | C3: =ProForma!F22 -> 180
B4: Rate | C4: =ProForma!F25 -> 0.0039197215
B5: Payment | C5: =ProForma!F27 -> 37532 | H5: Mortgage Summary
A6: Months | B6: Beginning | C6: PMT | D6: Interest | E6: Principal | F6: Ending Balance | I6: Beg Balance | J6: PMT | K6: End Balance | L6: Interest | M6: Principal
A7: 1 | B7: =C2 -> 4840000 | C7: =C5 -> 37532 | D7: =B7*C4 -> 18971.452 | E7: =C7-D7 -> 18560.548 | F7: =B7-E7 -> 4821439.5 | H7: Year 1 | I7: =B7 -> 4840000 | J7: =C5 -> 37532 | K7: =F18 -> 4612408.5 | L7: =SUM(D7:D18) -> 222792.48 | M7: =SUM(E7:E18) -> 227591.52
A8: 2 | B8: =F7 -> 4821439.5 | C8: =$C$5 -> 37532 | D8: =B8*$C$4 -> 18898.7 | E8: =C8-D8 -> 18633.3 | F8: =B8-E8 -> 4802806.2 | H8: Year 2 | I8: =B19 -> 4612408.5 | J8: =C5 -> 37532 | K8: =F30 -> 4373878 | L8: =SUM(D19:D30) -> 211853.51 | M8: =SUM(E19:E30) -> 238530.49
A9: 3 | B9: =F8 -> 4802806.2 | C9: =$C$5 -> 37532 | D9: =B9*$C$4 -> 18825.662 | E9: =C9-D9 -> 18706.338 | F9: =B9-E9 -> 4784099.8 | H9: Year 3 | I9: =B31 -> 4373878 | J9: =C5 -> 37532 | K9: =F42 -> 4123882.8 | L9: =SUM(D31:D42) -> 200388.77 | M9: =SUM(E31:E42) -> 249995.23
A10: 4 | B10: =F9 -> 4784099.8 | C10: =$C$5 -> 37532 | D10: =B10*$C$4 -> 18752.339 | E10: =C10-D10 -> 18779.661 | F10: =B10-E10 -> 4765320.2 | H10: Year 4 | I10: =B43 -> 4123882.8 | J10: =C5 -> 37532 | K10: =F54 -> 3861871.7 | L10: =SUM(D43:D54) -> 188372.98 | M10: =SUM(E43:E54) -> 262011.02
A11: 5 | B11: =F10 -> 4765320.2 | C11: =$C$5 -> 37532 | D11: =B11*$C$4 -> 18678.728 | E11: =C11-D11 -> 18853.272 | F11: =B11-E11 -> 4746466.9 | H11: Year 5 | I11: =B55 -> 3861871.7 | J11: =C5 -> 37532 | K11: =F66 -> 3587267.4 | L11: =SUM(D55:D66) -> 175779.67 | M11: =SUM(E55:E66) -> 274604.33
A12: 6 | B12: =F11 -> 4746466.9 | C12: =$C$5 -> 37532 | D12: =B12*$C$4 -> 18604.828 | E12: =C12-D12 -> 18927.172 | F12: =B12-E12 -> 4727539.7
A13: 7 | B13: =F12 -> 4727539.7 | C13: =$C$5 -> 37532 | D13: =B13*$C$4 -> 18530.639 | E13: =C13-D13 -> 19001.361 | F13: =B13-E13 -> 4708538.3
A14: 8 | B14: =F13 -> 4708538.3 | C14: =$C$5 -> 37532 | D14: =B14*$C$4 -> 18456.159 | E14: =C14-D14 -> 19075.841 | F14: =B14-E14 -> 4689462.5
A15: 9 | B15: =F14 -> 4689462.5 | C15: =$C$5 -> 37532 | D15: =B15*$C$4 -> 18381.387 | E15: =C15-D15 -> 19150.613 | F15: =B15-E15 -> 4670311.9
A16: 10 | B16: =F15 -> 4670311.9 | C16: =$C$5 -> 37532 | D16: =B16*$C$4 -> 18306.322 | E16: =C16-D16 -> 19225.678 | F16: =B16-E16 -> 4651086.2
A17: 11 | B17: =F16 -> 4651086.2 | C17: =$C$5 -> 37532 | D17: =B17*$C$4 -> 18230.962 | E17: =C17-D17 -> 19301.038 | F17: =B17-E17 -> 4631785.2
A18: 12 | B18: =F17 -> 4631785.2 | C18: =$C$5 -> 37532 | D18: =B18*$C$4 -> 18155.308 | E18: =C18-D18 -> 19376.692 | F18: =B18-E18 -> 4612408.5
A19: 13 | B19: =F18 -> 4612408.5 | C19: =$C$5 -> 37532 | D19: =B19*$C$4 -> 18079.357 | E19: =C19-D19 -> 19452.643 | F19: =B19-E19 -> 4592955.8
A20: 14 | B20: =F19 -> 4592955.8 | C20: =$C$5 -> 37532 | D20: =B20*$C$4 -> 18003.108 | E20: =C20-D20 -> 19528.892 | F20: =B20-E20 -> 4573426.9
A21: 15 | B21: =F20 -> 4573426.9 | C21: =$C$5 -> 37532 | D21: =B21*$C$4 -> 17926.56 | E21: =C21-D21 -> 19605.44 | F21: =B21-E21 -> 4553821.5
A22: 16 | B22: =F21 -> 4553821.5 | C22: =$C$5 -> 37532 | D22: =B22*$C$4 -> 17849.712 | E22: =C22-D22 -> 19682.288 | F22: =B22-E22 -> 4534139.2
A23: 17 | B23: =F22 -> 4534139.2 | C23: =$C$5 -> 37532 | D23: =B23*$C$4 -> 17772.563 | E23: =C23-D23 -> 19759.437 | F23: =B23-E23 -> 4514379.8
... A186: 180 | B186: =F185 -> 37241.972 | C186: =$C$5 -> 37532 | D186: =B186*$C$4 -> 145.97816 | E186: =C186-D186 -> 37386.022 | F186: =B186-E186 -> -144.04968

Sheet Rent Roll
A2: TENANT ROSTER
A4: Unit | B4: Tenant | C4: Area (Sq.Ft) | D4: Year | E4: Contract Rent | F4: Market Rent | G4: Base Rent | H4: CAM Total | I4: CAM Sq.Ft. | J4: TAX | K4: TAX Sq.Ft | L4: CAM + TAX | M4: INCOME
A7: 1 | B7: Credit Union | C7: 6000 | D7: 1 (2018) | E7: 37 | F7: 28 | G7: =E7*C7 -> 222000 | H7: =(F54-4.5)*C7 -> 3991.7355 | I7: =H7/C7 -> 0.66528926 | J7: =F62*C7 -> 28512.397 | K7: =J7/C7 -> 4.7520661 | L7: =I7+K7 -> 5.4173554 | M7: =G7+H7+J7 -> 254504.13
D8: 2 (2019) | E8: 37 | F8: =F7*1.015 -> 28.42 | G8: =E8*C7 -> 222000 | H8: =(F55-4.5)*C7 -> 4456.6116 | I8: =H8/C7 -> 0.7427686 | J8: =F63*C7 -> 28940.083 | K8: =J8/C7 -> 4.8233471 | L8: =I8+K8 -> 5.5661157 | M8: =G8+H8+J8 -> 255396.69
D9: 3 (2020) | E9: 38.5 | F9: =F8*1.015 -> 28.8463 | G9: =E9*C7 -> 231000 | H9: =(F56-4.5)*C7 -> 4928.4607 | I9: =H9/C7 -> 0.82141012 | J9: =F64*C7 -> 29374.184 | K9: =J9/C7 -> 4.8956973 | L9: =I9+K9 -> 5.7171074 | M9: =G9+H9+J9 -> 265302.64
D10: 4 (2021) | E10: 38.5 | F10: =F9*1.015 -> 29.278994 | G10: =E10*C7 -> 231000 | H10: =(F57-4.5)*C7 -> 5407.3877 | I10: =H10/C7 -> 0.90123128 | J10: =F65*C7 -> 29814.797 | K10: =J10/C7 -> 4.9691328 | L10: =I10+K10 -> 5.870364 | M10: =G10+H10+J10 -> 266222.18
D11: 5 (2022) | E11: 40 | F11: =F10*1.015 -> 29.718179 | G11: =E11*C7 -> 240000 | H11: =(F58-4.5)*C7 -> 5893.4985 | I11: =H11/C7 -> 0.98224974 | J11: =F66*C7 -> 30262.019 | K11: =J11/C7 -> 5.0436698 | L11: =I11+K11 -> 6.0259195 | M11: =G11+H11+J11 -> 276155.52
D12: 6 (2023) | E12: 40 | F12: =F11*1.015 -> 30.163952 | G12: =E12*C7 -> 240000 | H12: =(F59-4.5)*C7 -> 6386.9009 | I12: =H12/C7 -> 1.0644835 | J12: =F67*C7 -> 30715.949 | K12: =J12/C7 -> 5.1193248 | L12: =I12+K12 -> 6.1838083 | M12: =G12+H12+J12 -> 277102.85
A14: 2 | B14: Dentist | C14: 2400 | D14: 1 (2018) | E14: 27.5 | F14: 28 | G14: =E14*C14 -> 66000 | H14: =F54*C14 -> 12396.694 | I14: =H14/C14 -> 5.1652893 | J14: =F62*C14 -> 11404.959 | K14: =J14/C14 -> 4.7520661 | L14: =I14+K14 -> 9.9173554 | M14: =G14+H14+J14 -> 89801.653
D15: 2 (2019) | E15: 27.5 | F15: =F14*1.015 -> 28.42 | G15: =E15*C14 -> 66000 | H15: =F55*C14 -> 12582.645 | I15: =H15/C14 -> 5.2427686 | J15: =F63*C14 -> 11576.033 | K15: =J15/C14 -> 4.8233471 | L15: =I15+K15 -> 10.066116 | M15: =G15+H15+J15 -> 90158.678
D16: 3 (2020) | E16: 29 | F16: =F15*1.015 -> 28.8463 | G16: =E16*C14 -> 69600 | H16: =F56*C14 -> 12771.384 | I16: =H16/C14 -> 5.3214101 | J16: =F64*C14 -> 11749.674 | K16: =J16/C14 -> 4.8956973 | L16: =I16+K16 -> 10.217107 | M16: =G16+H16+J16 -> 94121.058
D17: 4 (2021) | E17: 29 | F17: =F16*1.015 -> 29.278994 | G17: =E17*C14 -> 69600 | H17: =F57*C14 -> 12962.955 | I17: =H17/C14 -> 5.4012313 | J17: =F65*C14 -> 11925.919 | K17: =J17/C14 -> 4.9691328 | L17: =I17+K17 -> 10.370364 | M17: =G17+H17+J17 -> 94488.874
D18: 5 (2022) | E18: 29 | F18: =F17*1.015 -> 29.718179 | G18: =E18*C14 -> 69600 | H18: =F58*C14 -> 13157.399 | I18: =H18/C14 -> 5.4822497 | J18: =F66*C14 -> 12104.807 | K18: =J18/C14 -> 5.0436698 | L18: =I18+K18 -> 10.52592 | M18: =G18+H18+J18 -> 94862.207
D19: 6 (2023) | E19: 29 | F19: =F18*1.015 -> 30.163952 | G19: =E19*C14 -> 69600 | H19: =F59*C14 -> 13354.76 | I19: =H19/C14 -> 5.5644835 | J19: =F67*C14 -> 12286.38 | K19: =J19/C14 -> 5.1193248 | L19: =I19+K19 -> 10.683808 | M19: =G19+H19+J19 -> 95241.14
A21: 3 | B21: Insurance Agency | C21: 2600 | D21: 1 (2018) | E21: 29 | F21: 28 | G21: =C21*E21 -> 75400 | H21: =F54*C21 -> 13429.752 | I21: =H21/C21 -> 5.1652893 | J21: =F62*C21 -> 12355.372 | K21: =J21/C21 -> 4.7520661 | L21: =I21+K21 -> 9.9173554 | M21: =G21+H21+J21 -> 101185.12
D22: 2 (2019) | E22: 29 | F22: =F21*1.015 -> 28.42 | G22: =C21*E22 -> 75400 | H22: =F55*C21 -> 13631.198 | I22: =H22/C21 -> 5.2427686 | J22: =F63*C21 -> 12540.702 | K22: =J22/C21 -> 4.8233471 | L22: =I22+K22 -> 10.066116 | M22: =G22+H22+J22 -> 101571.9
D23: 3 (2020) | E23: 28.91 | F23: =F22*1.015 -> 28.8463 | G23: =C21*E23 -> 75166 | H23: =F56*C21 -> 13835.666 | I23: =H23/C21 -> 5.3214101 | J23: =F64*C21 -> 12728.813 | K23: =J23/C21 -> 4.8956973 | L23: =I23+K23 -> 10.217107 | M23: =G23+H23+J23 -> 101730.48
D24: 4 (2021) | E24: 28.85 | F24: =F23*1.015 -> 29.278994 | G24: =C21*E24 -> 75010 | H24: =F57*C21 -> 14043.201 | I24: =H24/C21 -> 5.4012313 | J24: =F65*C21 -> 12919.745 | K24: =J24/C21 -> 4.9691328 | L24: =I24+K24 -> 10.370364 | M24: =G24+H24+J24 -> 101972.95
D25: 5 (2022) | E25: 28.85 | F25: =F24*1.015 -> 29.718179 | G25: =C21*E25 -> 75010 | H25: =F58*C21 -> 14253.849 | I25: =H25/C21 -> 5.4822497 | J25: =F66*C21 -> 13113.541 | K25: =J25/C21 -> 5.0436698 | L25: =I25+K25 -> 10.52592 | M25: =G25+H25+J25 -> 102377.39
D26: 6 (2023) | E26: 28.85 | F26: =F25*1.015 -> 30.163952 | G26: =E26*C21 -> 75010 | H26: =F59*C21 -> 14467.657 | I26: =H26/C21 -> 5.5644835 | J26: =F67*C21 -> 13310.245 | K26: =J26/C21 -> 5.1193248 | L26: =I26+K26 -> 10.683808 | M26: =G26+H26+J26 -> 102787.9
A28: 4 | B28: Hearing Clinic | C28: 4000 | D28: 1 (2018) | E28: 26.38 | F28: 28 | G28: =E28*C28 -> 105520 | H28: =F54*C28 -> 20661.157 | I28: =H28/C28 -> 5.1652893 | J28: =F62*C28 -> 19008.264 | K28: =J28/C28 -> 4.7520661 | L28: =I28+K28 -> 9.9173554 | M28: =G28+H28+J28 -> 145189.42
D29: 2 (2019) | E29: 27 | F29: =F28*1.015 -> 28.42 | G29: =E29*C28 -> 108000 | H29: =F55*C28 -> 20971.074 | I29: =H29/C28 -> 5.2427686 | J29: =F63*C28 -> 19293.388 | K29: =J29/C28 -> 4.8233471 | L29: =I29+K29 -> 10.066116 | M29: =G29+H29+J29 -> 148264.46
D30: 3 (2020) | E30: 27 | F30: =F29*1.015 -> 28.8463 | G30: =E30*C28 -> 108000 | H30: =F56*C28 -> 21285.64 | I30: =H30/C28 -> 5.3214101 | J30: =F64*C28 -> 19582.789 | K30: =J30/C28 -> 4.8956973 | L30: =I30+K30 -> 10.217107 | M30: =G30+H30+J30 -> 148868.43
D31: 4 (2021) | E31: 27 | F31: =F30*1.015 -> 29.278994 | G31: =E31*C28 -> 108000 | H31: =F57*C28 -> 21604.925 | I31: =H31/C28 -> 5.4012313 | J31: =F65*C28 -> 19876.531 | K31: =J31/C28 -> 4.9691328 | L31: =I31+K31 -> 10.370364 | M31: =G31+H31+J31 -> 149481.46
D32: 5 (2022) | E32: 28.5 | F32: =F31*1.015 -> 29.718179 | G32: =E32*C28 -> 114000 | H32: =F58*C28 -> 21928.999 | I32: =H32/C28 -> 5.4822497 | J32: =F66*C28 -> 20174.679 | K32: =J32/C28 -> 5.0436698 | L32: =I32+K32 -> 10.52592 | M32: =G32+H32+J32 -> 156103.68
D33: 6 (2023) | E33: 29 | F33: =F32*1.015 -> 30.163952 | G33: =E33*C28 -> 116000 | H33: =F59*C28 -> 22257.934 | I33: =H33/C28 -> 5.5644835 | J33: =F67*C28 -> 20477.299 | K33: =J33/C28 -> 5.1193248 | L33: =I33+K33 -> 10.683808 | M33: =G33+H33+J33 -> 158735.23
A35: 5 | B35: Vacant Corner Unit | C35: 5000 | D35: 1 (2018) | E35: 16 | F35: 32 | G35: =E35*C35 -> 80000 | H35: =F54*C35/2 -> 12913.223 | I35: =H35/C35 -> 2.5826446 | J35: =F62*C35/2 -> 11880.165 | K35: =J35/C35 -> 2.3760331 | L35: =I35+K35 -> 4.9586777 | M35: =G35+H35+J35 -> 104793.39
D36: 2 (2019) | E36: 32 | F36: =F35*1.015 -> 32.48 | G36: =E36*C35 -> 160000 | H36: =F55*C35 -> 26213.843 | I36: =H36/C35 -> 5.2427686 | J36: =F63*C35 -> 24116.736 | K36: =J36/C35 -> 4.8233471 | L36: =I36+K36 -> 10.066116 | M36: =G36+H36+J36 -> 210330.58
D37: 3 (2020) | E37: 32 | F37: =F36*1.015 -> 32.9672 | G37: =E37*C35 -> 160000 | H37: =F56*C35 -> 26607.051 | I37: =H37/C35 -> 5.3214101 | J37: =F64*C35 -> 24478.487 | K37: =J37/C35 -> 4.8956973 | L37: =I37+K37 -> 10.217107 | M37: =G37+H37+J37 -> 211085.54
D38: 4 (2021) | E38: 32 | F38: =F37*1.015 -> 33.461708 | G38: =E38*C35 -> 160000 | H38: =F57*C35 -> 27006.156 | I38: =H38/C35 -> 5.4012313 | J38: =F65*C35 -> 24845.664 | K38: =J38/C35 -> 4.9691328 | L38: =I38+K38 -> 10.370364 | M38: =G38+H38+J38 -> 211851.82
D39: 5 (2022) | E39: 32 | F39: =F38*1.015 -> 33.963634 | G39: =E39*C35 -> 160000 | H39: =F58*C35 -> 27411.249 | I39: =H39/C35 -> 5.4822497 | J39: =F66*C35 -> 25218.349 | K39: =J39/C35 -> 5.0436698 | L39: =I39+K39 -> 10.52592 | M39: =G39+H39+J39 -> 212629.6
D40: 6 (2023) | E40: 32 | F40: =F39*1.015 -> 34.473088 | G40: =E40*C35 -> 160000 | H40: =F59*C35 -> 27822.417 | I40: =H40/C35 -> 5.5644835 | J40: =F67*C35 -> 25596.624 | K40: =J40/C35 -> 5.1193248 | L40: =I40+K40 -> 10.683808 | M40: =G40+H40+J40 -> 213419.04
A42: 6 | B42: Restaurant | C42: 4200 | D42: 1 (2018) | E42: 32 | F42: 28 | G42: =E42*C42 -> 134400 | H42: =F54*C42 -> 21694.215 | I42: =H42/C42 -> 5.1652893 | J42: =F62*C42 -> 19958.678 | K42: =J42/C42 -> 4.7520661 | L42: =I42+K42 -> 9.9173554 | M42: =G42+H42+J42 -> 176052.89
D43: 2 (2019) | E43: 32 | F43: 28.42 | G43: =E43*C42 -> 134400 | H43: =F55*C42 -> 22019.628 | I43: =H43/C42 -> 5.2427686 | J43: =F63*C42 -> 20258.058 | K43: =J43/C42 -> 4.8233471 | L43: =I43+K43 -> 10.066116 | M43: =G43+H43+J43 -> 176677.69
D44: 3 (2020) | E44: 32 | F44: 28.85 | G44: =E44*C42 -> 134400 | H44: =F56*C42 -> 22349.923 | I44: =H44/C42 -> 5.3214101 | J44: =F64*C42 -> 20561.929 | K44: =J44/C42 -> 4.8956973 | L44: =I44+K44 -> 10.217107 | M44: =G44+H44+J44 -> 177311.85
D45: 4 (2021) | E45: 33 | F45: 29.28 | G45: =E45*C42 -> 138600 | H45: =F57*C42 -> 22685.171 | I45: =H45/C42 -> 5.4012313 | J45: =F65*C42 -> 20870.358 | K45: =J45/C42 -> 4.9691328 | L45: =I45+K45 -> 10.370364 | M45: =G45+H45+J45 -> 182155.53
D46: 5 (2022) | E46: 33 | F46: 29.72 | G46: =E46*C42 -> 138600 | H46: =F58*C42 -> 23025.449 | I46: =H46/C42 -> 5.4822497 | J46: =F66*C42 -> 21183.413 | K46: =J46/C42 -> 5.0436698 | L46: =I46+K46 -> 10.52592 | M46: =G46+H46+J46 -> 182808.86
D47: 6 (2023) | E47: 33 | F47: 30.16 | G47: =E47*C42 -> 138600 | H47: =F59*C42 -> 23370.831 | I47: =H47/C42 -> 5.5644835 | J47: =F67*C42 -> 21501.164 | K47: =J47/C42 -> 5.1193248 | L47: =I47+K47 -> 10.683808 | M47: =G47+H47+J47 -> 183471.99
B51: Gross Leasable Area | C51: 24200 | H51: Total Reveries
B53: CAM | D53: Year | E53: Total | F53: per sq.ft. | H53: Year 1 | I53: =H7+J7+H14+J14+H21+J21+H28+J28+H35+J35+H42+J42 -> 188206.61
B54: CAM Base | D54: 1 (2018) | E54: 125000 | F54: =E54/C51 -> 5.1652893 | H54: Year 2 | I54: =H8+J8+H15+J15+H22+J22+H29+J29+H36+J36+H43+J43 -> 216600
B55: 1.5% Inflation | D55: 2 (2019) | E55: =E54*1.015 -> 126875 | F55: =E55/C51 -> 5.2427686 | H55: Year 3 | I55: =H9+J9+H16+J16+H23+J23+H30+J30+H37+J37+H44+J44 -> 220254
B56: 1.5% Inflation | D56: 3 (2020) | E56: =E55*1.015 -> 128778.12 | F56: =E56/C51 -> 5.3214101 | H56: Year 4 | I56: =SUM(H10,J10,H17,J17,H24,J24,H31,J31,H38,J38,H45,J45) -> 223962.81
B57: 1.5% Inflation | D57: 4 (2021) | E57: =E56*1.015 -> 130709.8 | F57: =E57/C51 -> 5.4012313 | H57: Year 5 | I57: =SUM(H11,J11,H18,J18,H25,J25,H32,J32,H39,J39,H46,J46,) -> 227727.25
B58: 1.5% Inflation | D58: 5 (2022) | E58: =E57*1.015 -> 132670.44 | F58: =E58/C51 -> 5.4822497 | H58: Year 6 | I58: =SUM(H12,J12,H19,J19,H26,J26,H33,J33,H40,J40,H47,J47,) -> 231548.16
B59: 1.5% Inflation | D59: 6 (2022) | E59: =E58*1.015 -> 134660.5 | F59: =E59/C51 -> 5.5644835
B61: TAX | D61: Year | E61: Total | F61: per sq.ft
B62: TAX Base | D62: 1 (2018) | E62: 115000 | F62: =E62/C51 -> 4.7520661 | H62: Lease Commission for new tenants only
B63: 1.5% Inflation | D63: 2 (2019) | E63: =E62*1.015 -> 116725 | F63: =E63/C51 -> 4.8233471 | H63: Year 1 @ 5% with remaining balance @ 3%
B64: 1.5% Inflation | D64: 3 (2020) | E64: =E63*1.015 -> 118475.87 | F64: =E64/C51 -> 4.8956973
B65: 1.5% Inflation | D65: 4 (2021) | E65: =E64*1.015 -> 120253.01 | F65: =E65/C51 -> 4.9691328 | I65: Year 1 | J65: Years 2-10
B66: 1.5% Inflation | D66: 5 (2022) | E66: =E65*1.015 -> 122056.81 | F66: =E66/C51 -> 5.0436698 | H66: Vacant Lot | I66: =G36*0.05 -> 8000 | J66: =G36*9*0.03 -> 43200
B67: 1.5% Inflation | D67: 6 (2023) | E67: =E66*1.015 -> 123887.66 | F67: =E67/C51 -> 5.1193248
H68: TOTAL | I68: =I66+J66 -> 51200
B70: Tenant Inducements
C71: 2018 | D71: 2019 | E71: 2020 | F71: 2021 | G71: 2022
B72: Credit Union | C72: 0 | D72: 0 | E72: 0 | F72: 0 | G72: 0
B73: Dentist | C73: 0 | D73: 0 | E73: 0 | F73: 0 | G73: 0
B74: Insurance Agency | C74: 0 | D74: 0 | E74: =2*E24*C21/12 -> 12501.667 | F74: 0 | G74: 0
B75: Hearing Clinic | C75: 0 | D75: 0 | E75: 0 | F75: 0 | G75: 0
B76: Vacant | C76: =5*E43*C42/12 -> 56000 | D76: 0 | E76: 0 | F76: 0 | G76: 0
B77: Restaurant | C77: 0 | D77: 0 | E77: 0 | F77: 0 | G77: 0
B79: TOTAL | C79: =SUM(C72:C77) -> 56000 | D79: =SUM(D72:D77) -> 0 | E79: =SUM(E72:E77) -> 12501.667 | F79: =SUM(F72:F77) -> 0 | G79: =SUM(G72:G77) -> 0
